AoeStats
← Malicious

Glade

510625156Analyzed
1v1 RM · 9h ago on Oct 1, 2026· 17m 4s· 2 players
Game mode
Random Map
Map size
Tiny (2 player)
Population
200
Speed
Normal
Resources
Standard
Victory
Conquest
Starting age
Dark Age
Ending age
Imperial Age
RankedLock teamsTeams togetherTeam positionsShared explorationLock speedFull tech treeHidden civsTurbo modeCheats
Victory
Defeat
🇬🇷 Romans · Greece
1067
+16
🇹🇷 Poles · Türkiye
1070
-16
OLYMPIAKOS
5:39 Loom
8:40 Feudal Age
13:11 Castle Age
14:48 Town Watch
16:27 Double-Bit Axe
Malicious
10:29 Loom
12:36 Feudal Age
17:30 Castle Age
Connection lost

Rejoining the realm…

Still unreachable

The connection could not be restored.

Session expired

The server has moved on; the page needs a fresh start.